 Dungeon Crawl Stone Soup version 0.27-a0-1202-ge72e49191c (webtiles) character file.

Game seed: 5237084095059216722

7243 sanka the Thaumaturge (level 11, -4/79 HPs)
             Began as a Djinni Artificer on June 3, 2021.
             Was a Believer of Makhleb.
             Slain by Urug
             ... wielding a +5 great mace
              (19 damage)
             ... on level 10 of the Dungeon.
             The game lasted 00:21:14 (15160 turns).

sanka the Thaumaturge (Djinni Artificer)           Turns: 15160, Time: 00:21:15

Health: -4/79      AC:  7    Str: 11    XL:     11   Next: 33%
Gold:   513        EV: 14    Int: 15    God:    Makhleb [**....] SH:  5 Dex: 15

rFire    + + .     SeeInvis .   L - +5 dire flail (protect)
rCold    x . .     Faith    .   (shield currently unavailable)
rNeg     + . .     Spirit   .   f - +0 acid dragon scales
rPois    ∞         Reflect  +   i - +0 helmet
rElec    .         Harm     .   (no cloak)
rCorr    +         Rampage  .   (no gloves)
Will     +....                  (boots unavailable)
Stlth    +.........             a - amulet of reflection
HPRegen  0.23/turn              b - ring of positive energy
MPRegen  0.00/turn              (no ring)

@: flying
A: sickness immunity, fire resistance 2, cold vulnerability 1, float, innate
caster, hp casting, extra vitality 1
a: Renounce Religion, Minor Destruction


You were on level 10 of the Dungeon.
You worshipped Makhleb.
Makhleb was pleased with you.
You visited 2 branches of the dungeon, and saw 11 of its levels.
You also visited: Sewer.

You collected 513 gold pieces.


Innate Abilities, Weirdness & Mutations

You are immune to sickness and miasma.
You are immune to poison.
Your flesh is very heat resistant. (rF++)
You are vulnerable to cold. (rC-)
You float through the air rather than walking.
You learn spells naturally, not from books.
Your magical power is your life essence.
You have superior vitality. (+4 HP)


   Skills:
 + Level 7.3 Fighting
 - Level 1.0 Armour
 + Level 7.5 Dodging
 - Level 0.7 Stealth
 - Level 10.4 Spellcasting
 - Level 3.0 Evocations


You had 17 spell levels left.
You knew the following spells:

 Your Spells              Type           Power      Damage    Failure   Level
c - Tukima's Dance        Hex            39%        N/A       1%          3
v - Iskenderun's Mystic   Conj/Tloc      39%        2d9       1%          4
x - Sting                 Tmut/Pois      100%       1d8       1%          1
z - Stone Arrow           Conj/Erth      78%        3d11      1%          3
N - Passwall              Tmut/Erth      32%        N/A       1%          2
Your spell library was empty.

Inventory:

Hand Weapons
 p - a +2 dagger of venom
 F - a +3 glaive
 L - a +5 dire flail of protection (weapon)
Missiles
 r - 69 poisoned darts
 t - 6 curare-tipped darts {=f}
Armour
 f - +0 acid dragon scales (worn)
 i - a +0 helmet (worn)
Jewellery
 a - an amulet of reflection (around neck)
 b - a ring of positive energy (left hand)
 E - a ring of fire
Wands
 c - a wand of flame (8) (quivered)
 d - a wand of charming (8)
 w - a wand of acid (11)
 K - a wand of digging (6)
 M - a wand of iceblast (9)
Scrolls
 g - 2 scrolls of silence {!r}
 h - a scroll of enchant weapon {unknown}
 k - a scroll of enchant armour {unknown}
 l - 8 scrolls of teleportation {@r4}
 o - a scroll of holy word
 q - a scroll of fog {unknown}
 x - a scroll of fear
 y - 2 scrolls of torment {!r}
 B - a scroll of magic mapping {unknown}
 G - a scroll of summoning
 H - a scroll of acquirement {unknown}
 J - a scroll of identify {@r1}
 O - a scroll of brand weapon
Potions
 j - 2 potions of cancellation {unknown}
 m - 3 potions of mutation {unknown}
 n - a potion of heal wounds {unknown}
 s - 2 potions of might {unknown}
 u - 6 potions of curing {unknown}
 v - a potion of resistance
 z - 4 potions of lignification {unknown}
 C - 2 potions of magic {unknown}
 D - 2 potions of degeneration {unknown}
 I - 4 potions of flight {unknown}
 N - a potion of ambrosia {unknown}
Miscellaneous
 e - a piece from Xom's chessboard (15/15)
 A - a tin of tremorstones (2/2)

Dungeon Overview and Level Annotations

Branches:
Dungeon (10/15)            Temple (1/1) D:4            Lair (0/6) D:8
  Sewer (visited)
    Orc: D:9-12

Altars:
Ashenzari
Cheibriados
Dithmenos
Elyvilon
Fedhas
Gozag
Hepliaklqana
Kikubaaqudgha
Makhleb
Nemelex Xobeh
Okawaru
Qazlal
Ru
Sif Muna
Trog
Uskayaw
Vehumet
Wu Jian
Xom
Yredelemnul
Zin
The Shining One
Beogh

Annotations:
D:4 1 runed translucent door, Gruesome's ghost, amateur GrFi
D:6 3 runed translucent doors, Gruesome's ghost, novice OpEE
D:10 Urug

▒.......▒▒▒ ▒▒▒▒'▒▒▒▒▒
▒.........▒ ▒.........
▒.......▒.▒ ▒.........
▒.......▒.▒ ▒.........
▒.......▒.▒▒▒.........
▒...(...▒...▒.........
▒.......▒▒▒.'.........
▒▒▒▒▒▒o▒▒ ▒▒▒.........
▒▒▒▒R.▒ ▒.▒▒'▒▒▒▒▒
▒....▒▒ ▒......▒
▒.▒▒▒▒ ▒▒▒▒▒▒.▒ ▒.▒
▒≈≈≈▒.▒ ▒▒▒'▒▒▒▒▒▒▒
▒≈≈≈▒.▒▒ ▒.........▒
▒≈≈≈▒..▒ ▒▒▒▒▒▒▒▒...▒
▒≈≈≈▒▒.▒ ≈≈≈≈≈≈≈▒...▒
▒▒▒▒▒▒▒.▒▒
≈≈≈≈≈≈≈▒...▒
▒▒.....▒...


You could see Urug (corroded).


Message History

The acid corrodes Urug!
Urug is moderately wounded.
Okay, then.
Aiming: Stone Arrow (safe; 1% risk of failure)
Aim: Urug, wielding a +5 great mace, wearing a +0 scale mail and quivering javelins (moderately wounded, covered in acid, 67% to hit)
The stone arrow hits Urug!
Urug is heavily wounded.
Urug hits you with a +5 great mace!
Aiming: Stone Arrow (safe; 1% risk of failure)
Aim: Urug, wielding a +5 great mace, wearing a +0 scale mail and quivering javelins (heavily wounded, covered in acid, 67% to hit)
The stone arrow hits Urug!!
Urug is severely wounded.
Urug closely misses you.
Aiming: Stone Arrow (safe; 1% risk of failure)
Aim: Urug, wielding a +5 great mace, wearing a +0 scale mail and quivering javelins (severely wounded, covered in acid, 67% to hit)
The stone arrow misses Urug.
Urug hits you with a +5 great mace!!
* * * LOW HITPOINT WARNING * * *
Aiming: Stone Arrow (safe; 1% risk of failure)
Aim: Urug, wielding a +5 great mace, wearing a +0 scale mail and quivering javelins (severely wounded, covered in acid, 67% to hit)
The stone arrow misses Urug.
* * * LOW HITPOINT WARNING * * *
You block Urug's attack.
Aiming: Stone Arrow (safe; 1% risk of failure)
Aim: Urug, wielding a +5 great mace, wearing a +0 scale mail and quivering javelins (severely wounded, covered in acid, 67% to hit)
The stone arrow hits Urug!
Urug is almost dead.
* * * LOW HITPOINT WARNING * * *
Urug hits you with a +5 great mace!!
You die...

Action                   |  1- 3 |  4- 6 |  7- 9 | 10-12 || total
-------------------------+-------+-------+-------+-------++-------
Melee: Club              |    97 |       |       |       ||    97
       War axe           |    63 |    91 |       |       ||   154
       Dagger            |       |    32 |    76 |       ||   108
 Cast: Passwall          |       |     4 |       |       ||     4
       Stone Arrow       |       |       |   132 |   113 ||   245
       Sting             |       |       |    10 |       ||    10
       Tukima's Dance    |       |       |     1 |       ||     1
Evoke: Wand              |       |     6 |     8 |     3 ||    17
  Use: Scroll            |       |       |     8 |     1 ||     9
 Stab: Sleeping          |     1 |       |     2 |       ||     3
Armor: Leather armour    |    62 |    34 |    17 |     7 ||   120
       Acid dragon scale |       |       |       |     1 ||     1
Dodge: Dodged            |   118 |    92 |    60 |    48 ||   318
Block: Other             |       |       |       |     3 ||     3

Levels and vault maps discovered:
D:1:      saegor_arrival_fortress, layout_loops_ring, nrook_mini_vaults,
          minmay_pentomino_x4
D:2:      layout_basic
D:3:      layout_rooms, portal_sewer_entry_f
D:4:      layout_basic, temple_green, ebering_ghost_sewer_d,
          minmay_fountain_box, st_stairs_8, minmay_misc_feat_diagonals
D:5:      layout_cave_pools, grunt_temple_overflow_magic_moments,
          chequers_temple_overflow_statue_of_worship
D:6:      layout_loops_ring, grunt_temple_overflow_gold_and_silver,
          lemuel_tele_altar, biasface_ghost_orc_armoury, minmay_misc_feat_x,
          uniq_edmund, uniq_duvessa
D:7:      layout_rooms, jmf_multi_god_temple2, elyvilon_altar_4, serial_glass,
          glass_columns_a, glass_columns_a
D:8:      layout_basic, okawaru_ov_weapons_minmay, minmay_lair_entry_grove,
          minmay_misc_feat_four_crosses, minmay_misc_feat_five
D:9:      layout_rooms
D:10:     layout_roguey, eat_drink_and_be_merry_uskayaw, serial_aquarium,
          aquarium_bridge_long_separate [aquarium_subvault_bridge,
          aquarium_subvault_bridge, aquarium_subvault_window,
          aquarium_subvault_wall, aquarium_subvault_bridge,
          aquarium_subvault_window], aquarium_bridge_straight
          [aquarium_subvault_bridge, aquarium_subvault_wall,
          aquarium_subvault_bridge, aquarium_subvault_window],
          aquarium_window_1, aquarium_window_corridor_1, aquarium_window_1,
          aquarium_view_2a, aquarium_view_2d, aquarium_pool_split, uniq_erolcha,
          uniq_urug
Temple:   compressed_dpeg_triangle_lava_temple

Notes
Turn   | Place    | Note
-------+----------+-------------------------------------------
     0 | D:1      | sanka the Djinni Artificer began the quest for the Orb.
     0 | D:1      | Reached XP level 1. HP: 17/17 MP: 0/0
   247 | D:1      | Reached XP level 2. HP: 10/23 MP: 0/0
   429 | D:1      | Reached skill level 2 in Fighting
  1176 | D:1      | Reached XP level 3. HP: 25/29 MP: 0/0
  1176 | D:1      | Learned a level 1 spell: Sting
  1753 | D:1      | Reached skill level 3 in Fighting
  2339 | D:2      | Reached skill level 1 in Spellcasting
  2473 | D:2      | Reached XP level 4. HP: 29/35 MP: 0/0
  2872 | D:3      | HP: 3/35 [orc/+0 club (1)]
  3007 | D:3      | Reached skill level 2 in Spellcasting
  3024 | D:3      | Reached XP level 5. HP: 20/40 MP: 0/0
  3024 | D:3      | Learned a level 2 spell: Passwall
  3158 | D:3      | Found a glowing drain.
  3285 | Sewer    | Entered a sewer
  3487 | Sewer    | Noticed a kobold brigand
  3505 | Sewer    | Killed a kobold brigand
  3506 | Sewer    | Reached skill level 3 in Spellcasting
  3506 | Sewer    | Reached XP level 6. HP: 37/46 MP: 0/0
  3813 | Sewer    | Reached skill level 4 in Spellcasting
  3885 | Sewer    | Reached XP level 7. HP: 17/50 MP: 0/0
  3885 | Sewer    | Learned a level 3 spell: Stone Arrow
  4294 | Sewer    | Reached skill level 5 in Spellcasting
  5396 | D:4      | Found a runed translucent door.
  5399 | D:4      | Noticed Gruesome's ghost (amateur GrFi)
  5509 | D:4      | Reached XP level 8. HP: 9/56 MP: 0/0
  5588 | D:4      | Identified the +2 leather armour of Voheiv {MP-9 Str+2
                  | Stlth+}
  6093 | D:4      | Found a staircase to the Ecumenical Temple.
  6114 | Temple   | Entered the Ecumenical Temple
  6362 | Temple   | Became a worshipper of Makhleb the Destroyer
  6552 | D:4      | Reached skill level 6 in Spellcasting
  6979 | D:5      | Entered Level 5 of the Dungeon
  7270 | D:5      | Found a shadowy altar of Dithmenos.
  7271 | D:5      | Found a blossoming altar of Fedhas.
  7489 | D:5      | Reached skill level 7 in Spellcasting
  7749 | D:5      | You are sucked into a shaft and drop 2 floors!
  7772 | D:7      | Found a large runed translucent door.
  7774 | D:7      | Found a large runed translucent door.
  7930 | D:7      | Reached * piety under Makhleb
  7931 | D:7      | Reached XP level 9. HP: 54/60 MP: 0/0
  7931 | D:7      | Learned a level 3 spell: Tukima's Dance
  8244 | D:7      | Found a white marble altar of Elyvilon.
  8326 | D:7      | Reached skill level 8 in Spellcasting
  9112 | D:6      | Found a bloodstained altar of Trog.
  9267 | D:6      | Noticed Dowan
  9308 | D:6      | Noticed Duvessa
  9329 | D:6      | Killed Duvessa
  9332 | D:6      | Killed Dowan
  9648 | D:6      | Noticed Edmund
  9654 | D:6      | Killed Edmund
  9655 | D:6      | Reached skill level 9 in Spellcasting
  9886 | D:6      | Found a glowing silver altar of Zin.
  9887 | D:6      | Found an opulent altar of Gozag.
 10286 | D:6      | Found a runed translucent gate.
 10286 | D:6      | Found a runed translucent gate.
 10288 | D:6      | Found a runed translucent gate.
 10289 | D:6      | Noticed Gruesome's ghost (novice OpEE)
 11183 | D:7      | Found a basalt altar of Yredelemnul.
 11234 | D:7      | Found a sacrificial altar of Ru.
 11302 | D:8      | Reached XP level 10. HP: 62/67 MP: 0/0
 11461 | D:7      | Reached skill level 10 in Spellcasting
 11723 | D:7      | Reached skill level 3 in Dodging
 12158 | D:7      | Reached skill level 4 in Fighting
 12409 | D:7      | Reached skill level 4 in Dodging
 12746 | D:8      | Found a staircase to the Lair.
 12959 | D:8      | Found an iron altar of Okawaru.
 13281 | D:8      | Reached ** piety under Makhleb
 13620 | D:9      | Reached skill level 5 in Fighting
 13654 | D:9      | Identified +0 acid dragon scales
 13655 | D:9      | Reached skill level 5 in Dodging
 13853 | D:9      | Noticed a two-headed ogre
 13857 | D:9      | Killed a two-headed ogre
 13858 | D:9      | Reached skill level 6 in Fighting
 13858 | D:9      | Reached skill level 6 in Dodging
 13858 | D:9      | Reached XP level 11. HP: 70/76 MP: 0/0
 13858 | D:9      | Learned a level 4 spell: Iskenderun's Mystic Blast
 14005 | D:9      | Noticed a two-headed ogre
 14235 | D:9      | Killed a two-headed ogre
 14236 | D:9      | Reached skill level 7 in Dodging
 14564 | D:10     | Entered Level 10 of the Dungeon
 14572 | D:10     | Reached skill level 7 in Fighting
 14626 | D:10     | Found a hide-covered altar of Uskayaw.
 14870 | D:10     | Noticed Urug
 14874 | D:10     | Noticed a two-headed ogre
 15160 | D:10     | Slain by Urug

Vanquished Creatures
  2 two-headed ogres (D:9)
  A gargoyle (D:10)
  A komodo dragon (D:10)
  6 yaks (D:7)
  2 wyverns
  A basilisk (D:8)
  Edmund (D:6)
  Duvessa (D:6)
  An acid dragon (D:9)
  6 water moccasins
  4 orc warriors
  An ice beast (D:5)
  A black bear (D:5)
  2 sky beasts
  An ogre (D:4)
  2 centaurs
  7 kobold brigands
  3 bullfrogs
  2 scorpions
  Dowan (D:6)
  A water moccasin skeleton (D:6)
  4 killer bees (D:6)
  A bullfrog zombie (D:5)
  A jelly (D:6)
  2 centaur zombies (D:7)
  5 hounds
  3 orc priests
  2 centaur skeletons
  3 bullfrog skeletons
  A gnoll shaman (D:7)
  An iguana (D:4)
  9 orc wizards
  11 gnolls
  5 adders
  3 river rats (Sewer)
  2 shadow imps
  3 white imps
  An adder skeleton (D:4)
  An adder zombie (D:1)
  2 worms (Sewer)
  2 dart slugs
  28 orcs
  7 ball pythons
  5 bats
  A bat zombie (D:1)
  8 endoplasms
  5 giant cockroaches
  5 goblins
  2 hobgoblins (D:1)
  4 jackals (D:1)
  7 quokkas
  2 frilled lizards (D:1)
  18 kobolds
  11 rats
212 creatures vanquished.

Vanquished Creatures (others)
  2 gnolls (D:4)
  4 plants (D:8)
6 creatures vanquished.

Grand Total: 218 creatures vanquished
